 Dungeon Crawl Stone Soup version 0.28-a0-1344-g6b9ff3a05d (webtiles) character file.

Game seed: 8138404444634057955

136 Deminshera the Insei (level 4, 0/37 HPs)
             Began as a Demonspawn Monk on Dec 29, 2021.
             Succumbed to Robin's poison
             ... on level 2 of the Dungeon.
             The game lasted 00:02:03 (1865 turns).

Deminshera the Insei (Demonspawn Monk)              Turns: 1865, Time: 00:02:04

Health: 0/37       AC: 14    Str: 13    XL:     4   Next: 98%
Magic:  4/4        EV:  3    Int: 15    God:
Gold:   60         SH:  0    Dex: 15    Spells: 3/3 levels left

rFire   . . .      SeeInvis .   c - +0 dagger (drain)
rCold   . . .      Faith    .   (no shield)
rNeg    . . .      Spirit   .   f - +0 plate armour
rPois   .          Reflect  .   e - +1 helmet {Int+3}
rElec   .          Harm     .   (no cloak)
rCorr   .          Rampage  .   (no gloves)
Will    .....                   (no boots)
Stlth   ..........              (no amulet)
HPRegen 0.12/turn               (no ring)
MPRegen 0.09/turn               (no ring)

@: lethally poisoned (0 -> -9)
A: icy blue scales 1, spiny 1
a: no special abilities


You were on level 2 of the Dungeon.
You visited 1 branch of the dungeon, and saw 2 of its levels.

You collected 60 gold pieces.

Inventory:

Hand Weapons
 c - a +0 dagger of draining (weapon)
Armour
 e - a +1 helmet of intelligence (worn)
 f - a +0 plate armour (worn)


   Skills:
 + Level 4.0 Fighting
 - Level 2.6 Dodging
 - Level 1.7 Stealth
 * Level 4.5 Unarmed Combat


You had 3 spell levels left.
You didn't know any spells.
Your spell library was empty.

Dungeon Overview and Level Annotations

Branches:
Dungeon (2/15)

Altars:


Innate Abilities, Weirdness & Mutations

You are partially covered in icy blue scales. (AC +2)
You are partially covered in sharp spines.


Message History

You are lethally poisoned!
You feel very sick.
Robin hits you with a +3 trident of venom.
You are more poisoned.
Things that are here:
a hobgoblin corpse; a hobgoblin corpse; a hobgoblin corpse You completely miss Robin.
* * * LOW HITPOINT WARNING * * *
You feel very sick. Robin is struck by your spines.
Robin hits you but does no damage.
You are more poisoned.
It was a potion of heal wounds.
You feel much better.
You feel very sick. Robin is struck by your spines.
Robin hits you with a +3 trident of venom.
You hit Robin. You drain Robin.
Robin is severely wounded.
You feel very sick. Robin barely misses you.
You hit Robin.
Robin is severely wounded.
* * * LOW HITPOINT WARNING * * *
You feel very sick.
The hobgoblin no longer looks unusually strong.
Robin roars a battlecry!
The hobgoblin goes into a battle-frenzy!
As you read the scroll labelled MEONETUITI, it crumbles to dust.
You feel strangely unstable.
It was a scroll of teleportation.
* * * LOW HITPOINT WARNING * * *
You feel very sick. Robin barely misses you.
As you read the scroll labelled IRCHIN MAUZUNK, it crumbles to dust.
It is a scroll of identify.
You don't have any unidentified items.
* * * LOW HITPOINT WARNING * * *
You feel sick. Robin is struck by your spines.
You kill Robin!
Your surroundings suddenly seem different.
A goblin comes into view. It is wielding a +0 club.
You die...

.#.........##....#
....#..g).....##.####
..............##.#
........)........#
.................#
.................#
...................
................###..
.......@.###..... #
..<...............
.....###..##.....##
#### ..# . ... .###
.. ..


You could see a goblin (wandering).

Vanquished Creatures
  3 orc wizards
  Robin (D:2)
  A dart slug (D:1)
  An orc (D:1)
  5 endoplasms
  A giant cockroach (D:1)
  11 goblins
  9 hobgoblins
  A quokka (D:2)
  7 ball pythons (D:1)
  2 bats (D:1)
  2 kobolds
  2 rats (D:1)
46 creatures vanquished.

Notes
Turn   | Place    | Note
-------+----------+-------------------------------------------
     0 | D:1      | Deminshera the Demonspawn Monk began the quest for the Orb.
     0 | D:1      | Reached XP level 1. HP: 18/18 MP: 1/1
   203 | D:1      | Gained mutation: You are partially covered in sharp spines.
                  | [demonic ancestry]
   203 | D:1      | Reached XP level 2. HP: 16/24 MP: 2/2
   804 | D:1      | Reached XP level 3. HP: 29/29 MP: 3/3
  1575 | D:2      | Gained mutation: You are partially covered in icy blue
                  | scales. (AC +2) [demonic ancestry]
  1575 | D:2      | Reached XP level 4. HP: 24/37 MP: 4/4
  1820 | D:2      | Noticed Robin
  1864 | D:2      | Killed Robin
  1865 | D:2      | Succumbed to Robin's poison

Illustrated notes

Levels and vault maps discovered:
D:1:      wander_arrival_lonely_grave, layout_basic, amcnicky_mini_pool_small
D:2:      layout_rooms, nicolae_figureground_sparkle, uniq_natasha, uniq_robin

Skill      XL: |  1  2  3  4 |
---------------+-------------+-----
Unarmed Combat | 3 4 |  4.5
Fighting       | 4 |  4.0
Dodging        | |  2.6
Stealth        | |  1.7

Action                   |  1- 3 |  4- 6 || total
-------------------------+-------+-------++-------
Melee: Dagger            |    60 |    26 ||    86
       Unarmed           |     2 |       ||     2
       Punch             |     2 |       ||     2
  Use: Scroll            |       |     2 ||     2
       Potion            |       |     1 ||     1
 Stab: Sleeping          |     6 |       ||     6
Armor: Robe              |     5 |       ||     5
       Plate armour      |    22 |    18 ||    40
Dodge: Dodged            |    17 |     2 ||    19

Table legend: (Time is in decaauts)
 A = Elapsed time spent in this place.
 B = Non-inter-level travel time spent in this place.
 C = Inter-level travel time spent in this place.
 D = Time resting spent in this place.
 E = Time spent auto-exploring this place.
 F = Levels seen in this place.
 G = Mean time per level.
                   A        B        C        D        E       F      G
               +--------+--------+--------+--------+--------+-----+--------+
         Total |   1867 |   1829 |     38 |    876 |    669 |   2 |  933.5 |
       Dungeon |   1867 |   1829 |     38 |    876 |    669 |   2 |  933.5 |
               +--------+--------+--------+--------+--------+-----+--------+

Top non-repeatable levels by time:
     D:1: 1535 daAuts
     D:2: 331 daAuts
